 Dungeon Crawl Stone Soup version 0.21.1-1-g345015f (webtiles) character file.

311 JeffiDaFish the Digger (level 6, -10/32 HPs)
             Began as a Gargoyle Earth Elementalist on Feb 26, 2018.
             Mangled by an ogre
             ... wielding a +0 giant club
              (16 damage)
             ... on level 3 of the Dungeon on Mar 1, 2018.
             The game lasted 00:13:38 (3285 turns).

JeffiDaFish the Digger (GrEE)                       Turns: 3285, Time: 00:13:38

Health: -10/32     AC:  7    Str: 12    XL:     6   Next: 42%
Magic:  8/12       EV: 12    Int: 19    God:
Gold:   103        SH:  0    Dex:  8    Spells: 4/13 levels left

rFire    . . .     SeeInvis .   h - +1 war axe (flame)
rCold    . . .     Gourm    .   (no shield)
rNeg     + . .     Faith    +   n - +1 robe of Mifiuly {rPois Int+2}
rPois    ∞         Spirit   .   (no helmet)
rElec    +         Reflect  .   (no cloak)
rCorr    .         Harm     .   (no gloves)
MR       .....                  (no boots)
Stlth    ++........             g - amulet of faith
HPRegen  0.10/turn              (no ring)
MPRegen  0.13/turn              (no ring)

@: no status effects
A: big wings, clumsy 1, mutation resistance 1, negative energy resistance 1,
electricity resistance, unbreathing, petrification resistance, rot immunity,
subdued magic 1, AC +4
a: Fly


You were on level 3 of the Dungeon.
You were hungry.

You visited 1 branch of the dungeon, and saw 4 of its levels.

You collected 211 gold pieces.
You spent 108 gold pieces at shops.

Inventory:

Hand Weapons
 h - a +1 war axe of flaming (weapon)
Missiles
 b - 47 stones (quivered)
Armour
 c - a +2 robe
 n - the +1 robe of Mifiuly (worn) {rPois Int+2}
   (You bought it in a shop on level 4 of the Dungeon)

   It affects your intelligence (+2).
   It protects you from poison.
Jewellery
 g - an amulet of faith (around neck)
Wands
 j - a wand of clouds (5)
Scrolls
 f - a scroll of remove curse
 i - 3 scrolls of identify
 k - a scroll of teleportation
 o - 3 scrolls of magic mapping {unknown}
Potions
 l - a potion of haste
 m - a potion of curing
Books
 e - a book of Geomancy

   Spells                             Type                      Level
   a - Sandblast                      Earth                        1
   b - Passwall                       Transmutation/Earth          2
   c - Stone Arrow                    Conjuration/Earth            3
   d - Petrify                        Transmutation/Earth          4
   e - Lee's Rapid Deconstruction     Earth                        5
Comestibles
 d - 5 rations


   Skills:
 - Level 1.5 Dodging
 - Level 2.1 Stealth
 + Level 4.4 Spellcasting
   Level 0.7 Transmutations
 + Level 6.5 Earth Magic


You had 4 spell levels left.
You knew the following spells:

 Your Spells              Type           Power        Failure   Level  Hunger
a - Sandblast             Erth           ###...       1%          1    None
c - Stone Arrow           Conj/Erth      ##....       9%          3    ###....
d - Lee's Rapid Deconstr  Erth           ###.......   21%         5    ######.


Dungeon Overview and Level Annotations

Branches:
Dungeon (4/15)
 Temple: D:4-7

Altars:
Ashenzari
Qazlal

Shops:
D:4 [

Annotations:
D:4 Unforgiven's ghost, amateur MiFi


Innate Abilities, Weirdness & Mutations

You are resistant to torment.
Your stone body is resilient. (AC +4)
You are immune to poison.
You resist negative energy. (rN+)
You are resistant to electric shocks. (rElec)
You can survive without breathing.
You are immune to petrification.
You are immune to rotting.
Your large and strong wings let you fly indefinitely.
You are clumsy. (Dex -2)
You are somewhat resistant to further mutation.
Your spells are a little easier to cast, but a little less powerful.


Message History

You kill the jackal!
Casting: Sandblast
Confirm with . or Enter, or press ? or * to list all spells.
Aiming: Stone Arrow
Press: ? - help, Shift-Dir - straight line, f - ogre
Aim: an ogre, wielding a giant club The stone arrow hits the ogre.
The ogre is heavily wounded.
The ogre hits you with a giant club.
* * * LOW HITPOINT WARNING * * *
Casting: Stone Arrow
Confirm with . or Enter, or press ? or * to list all spells.
Aiming: Sandblast
Press: ? - help, Shift-Dir - straight line, f/p - ogre
Aim: an ogre, wielding a giant club (heavily wounded)
The blast of sand misses the ogre.
b - 47 stones The ogre hits you with a giant club!
Ouch! That really hurt!
You die...

#.#..#####....._.....#
#.#..##....#.......#.#
#.#......#.#.......#.#
#.#...##...##.....##.#
.....####..####.####.#
..#..####............#
.............###...###
#.......#....####.##
##..###........O@.#
##............#####
........###..###########
#.....#..###...........#
#.....##...............#
......#######..........#
......# #...)......#
...#### #..........#
....# #......>...#


You could see an ogre.

Vanquished Creatures
  A scorpion (D:4)
  An orc priest (D:4)
  A bullfrog skeleton (D:4)
  A hound (D:3)
  An orc wizard (D:4)
  Ijyb (D:3)
  A hound skeleton (D:3)
  2 adders
  3 worms (D:2)
  4 dart slugs
  A leopard gecko (D:3)
  8 orcs
  5 bats
  3 giant cockroaches
  4 goblins (D:1)
  9 hobgoblins
  7 jackals
  A quokka (D:2)
  6 frilled lizards
  A kobold (D:3)
  7 rats
68 creatures vanquished.

Notes
Turn   | Place    | Note
-------+----------+-------------------------------------------
     0 | D:1      | JeffiDaFish the Gargoyle Earth Elementalist began the quest for the Orb.
     0 | D:1      | Reached XP level 1. HP: 10/10 MP: 3/3
    60 | D:1      | Reached skill level 4 in Earth Magic
   113 | D:1      | Reached XP level 2. HP: 15/15 MP: 3/5
   142 | D:1      | Learned a level 2 spell: Passwall
   761 | D:2      | Reached XP level 3. HP: 19/19 MP: 3/6
   986 | D:2      | Learned a level 3 spell: Stone Arrow
  1490 | D:3      | Noticed Ijyb
  1507 | D:3      | Killed Ijyb
  1507 | D:3      | Reached skill level 5 in Earth Magic
  1507 | D:3      | Reached XP level 4. HP: 24/24 MP: 4/8
  1712 | D:3      | Gained mutation: You are clumsy. (Dex -2) [potion of mutation]
  1712 | D:3      | Gained mutation: You tend to lose your temper in combat. [potion of mutation]
  1712 | D:3      | Gained mutation: Your large and strong wings let you fly indefinitely. [potion of mutation]
  1749 | D:3      | Found a shattered altar of Ashenzari.
  1760 | D:3      | Lost mutation: You tend to lose your temper in combat. [potion of mutation]
  1760 | D:3      | Gained mutation: Your magical capacity is low. (-10% MP) [potion of mutation]
  1760 | D:3      | Gained mutation: Your spells are a little easier to cast, but a little less powerful. [potion of mutation]
  1760 | D:3      | Gained mutation: Your muscles are strong. (Str +2) [potion of mutation]
  1761 | D:3      | Lost mutation: Your magical capacity is low. (-10% MP) [potion of mutation]
  1761 | D:3      | Lost mutation: Your muscles are strong. (Str +2) [potion of mutation]
  1761 | D:3      | Gained mutation: You are somewhat resistant to further mutation. [potion of mutation]
  1788 | D:3      | Reached XP level 5. HP: 11/28 MP: 10/10
  2230 | D:3      | Noticed a water elemental
  2231 | D:3      | Found a stormy altar of Qazlal.
  2233 | D:3      | Noticed a fire elemental
  2234 | D:3      | Noticed an air elemental
  2501 | D:4      | Reached skill level 6 in Earth Magic
  2590 | D:4      | Reached XP level 6. HP: 25/32 MP: 12/12
  2610 | D:4      | Learned a level 5 spell: Lee's Rapid Deconstruction
  2651 | D:4      | Noticed Unforgiven's ghost (amateur MiFi)
  2973 | D:4      | Found Postrifo's Antique Armour Shoppe.
  3072 | D:4      | Bought a twisted robe for 108 gold pieces
  3082 | D:4      | Identified the +1 robe of Mifiuly {rPois Int+2} (You bought it in a shop on level 4 of the Dungeon)
  3285 | D:3      | Mangled by an ogre

Skill      XL: |  1  2  3  4  5 |
---------------+----------------+-----
Earth Magic    | 4 5 6 |  6.5
Spellcasting   | 3 4 |  4.4
Dodging        | |  1.5
Stealth        | |  2.1
Transmutations | |  0.7

Action                   |  1- 3 |  4- 6 || total
-------------------------+-------+-------++-------
Melee: Unarmed           |     6 |       ||     6
       War axe           |    34 |    87 ||   121
 Cast: Sandblast         |    41 |    13 ||    54
       Passwall          |     1 |       ||     1
       Stone Arrow       |       |     8 ||     8
  Use: Scroll            |     6 |     1 ||     7
       Potion            |     3 |     4 ||     7
 Stab: Sleeping          |     1 |     1 ||     2
  Eat: Chunk             |     2 |     7 ||     9
Armor: Robe              |    14 |    79 ||    93
Dodge: Dodged            |    36 |   104 ||   140
